TOP OF THE 1ST |
---|
Northwestern Wildcats batting - Pitching for Virginia Tech Hokies : RHP Ken Turner | Pitching: RHP Ken Turner | | Batting: RHB Dave Singleton | 0-0: Foul Ball, location: 2F 0-1: Swinging Strike 0-2: Foul Ball, location: 2F 0-2: Ball 1-2: Strikes out swinging | Pitching: RHP Eldon McElroy | | Batting: RHB Thomas Jordan | 0-0: Ball 1-0: Foul Ball, location: 2F 1-1: Called Strike 1-2: SINGLE (Line Drive, 89S) | Batting: RHB Artie Rivers | 0-0: Ball 1-0: Called Strike 1-1: Foul Ball, location: 2F 1-2: Foul Ball, location: 2F 1-2: Foul Ball, location: 2F 1-2: Foul Ball, location: 2F 1-2: Single, Error in OF, E8, batter to second base Thomas Jordan to third | Batting: LHB Juan Díaz | 0-0: Foul Ball, location: 2F 0-1: Foul Ball, location: 2F 0-2: Ball 1-2: Foul Ball, location: 2F 1-2: SINGLE (Groundball, 4D) Thomas Jordan scores Artie Rivers to third Runner from 3rd tries for Home, throw and OUT! Juan Díaz to second | Batting: RHB Dan Hart | 0-0: Ball 1-0: Ball 2-0: Ball 3-0: Base on Balls | Batting: RHB Johnny Marshall | 0-0: SINGLE (Line Drive, 7LS) Juan Díaz to third Dan Hart to second | Batting: RHB Greg Fowler | 0-0: Called Strike 0-1: Ball 1-1: SINGLE (Line Drive, 78S) Juan Díaz scores Dan Hart to third Johnny Marshall to second Throwing error, E7 Dan Hart scores Johnny Marshall to third Greg Fowler to second | Batting: LHB Carl Picot | 0-0: Called Strike 0-1: Ball 1-1: Ball 2-1: Ball 3-1: Called Strike 3-2: Base on Balls | Batting: RHB Ben Bond | 0-0: Ball 1-0: Foul Ball, location: 2F 1-1: Ball 2-1: Ball Wild Pitch! Johnny Marshall scores Greg Fowler to third Carl Picot to second 3-1: Foul Ball, location: 2F 3-2: Foul Ball, location: 2F 3-2: Base on Balls | Batting: RHB Dave Singleton | 0-0: Foul Ball, location: 2F 0-1: Called Strike 0-2: Ball 1-2: Foul Ball, location: 2F 1-2: Foul Ball, location: 2F 1-2: Ball 2-2: Foul Ball, location: 2F 2-2: Reached on error, E5 (Groundball, 5) Greg Fowler scores Carl Picot to third Ben Bond to second | Batting: RHB Thomas Jordan | 0-0: Foul Ball, location: 2F 0-1: Foul Ball, location: 2F 0-2: Ball 1-2: Ground out 4-3 (Groundball, 4) | Top of the 1st over - 5 runs, 5 hits, 3 errors, 3 left on base; Northwestern 5 - Virginia Tech 0 | BOTTOM OF THE 1ST |
---|
Virginia Tech Hokies batting - Pitching for Northwestern Wildcats : RHP Elliot Mosley | Pitching: RHP Elliot Mosley | | Batting: RHB Jake Holmes | 0-0: Swinging Strike 0-1: Ball 1-1: Ball 2-1: Fly out, F9 (Flyball, 9S) | Batting: LHB Chris López | 0-0: Ground out 5-3 (Groundball, 5) | Batting: RHB Eric Clay | 0-0: Called Strike 0-1: Swinging Strike 0-2: Ball 1-2: Foul Ball, location: 2F 1-2: DOUBLE (Line Drive, 7LS) | Batting: RHB Dusty Green | 0-0: Called Strike 0-1: Foul Ball, location: 2F 0-2: Foul Ball, location: 2F 0-2: Foul Ball, location: 2F 0-2: Ball 1-2: Strikes out swinging | Bottom of the 1st over - 0 runs, 1 hit, 0 errors, 1 left on base; Northwestern 5 - Virginia Tech 0 | TOP OF THE 2ND |
---|
Northwestern Wildcats batting - Pitching for Virginia Tech Hokies : RHP Eldon McElroy | Batting: RHB Artie Rivers | 0-0: Ball 1-0: Ball 2-0: Called Strike 2-1: Called Strike 2-2: Foul Ball, location: 2F 2-2: Ball 3-2: Base on Balls | Pitching: RHP Bill Dickerson | | Batting: LHB Juan Díaz | 0-0: Ball 1-0: Ball 2-0: Called Strike 2-1: Swinging Strike 2-2: Foul Ball, location: 2F 2-2: Ball 3-2: Strikes out swinging | Batting: RHB Dan Hart | 0-0: Ball 1-0: Called Strike 1-1: Foul Ball, location: 2F 1-2: SINGLE (Line Drive, 7S) Artie Rivers to second | Batting: RHB Johnny Marshall | 0-0: Called Strike 0-1: Ball 1-1: Called Strike 1-2: Ball 2-2: Ball 3-2: Base on Balls Artie Rivers to third Dan Hart to second | Batting: RHB Greg Fowler | 0-0: Foul Ball, location: 2F 0-1: Fly out, F9 (Line Drive, 9) Runner from 3rd tags up, SCORES, throw made | Batting: LHB Carl Picot | 0-0: Called Strike 0-1: Called Strike 0-2: SINGLE (Groundball, 6S) (infield hit) Dan Hart to third Johnny Marshall to second | Batting: RHB Ben Bond | 0-0: Ball 1-0: Ball 2-0: Fielders Choice at 2nd, 5-4 (Groundball, 56) | Top of the 2nd over - 1 run, 2 hits, 0 errors, 3 left on base; Northwestern 6 - Virginia Tech 0 | BOTTOM OF THE 2ND |
---|
Virginia Tech Hokies batting - Pitching for Northwestern Wildcats : RHP Elliot Mosley | Batting: RHB Will McDonald | 0-0: Fly out, F8 (Flyball, 89M) | Now in CF: Roberto Martínez | | Batting: SHB Junior Campbell | 0-0: Ball 1-0: SINGLE (Flyball, 7LS) | Batting: RHB Primo Owen | 0-0: Ball 1-0: Called Strike 1-1: Ball 2-1: Grounds into double play, 4-6-3 (Groundball, 4) | Bottom of the 2nd over - 0 runs, 1 hit, 0 errors, 0 left on base; Northwestern 6 - Virginia Tech 0 | TOP OF THE 3RD |
---|
Northwestern Wildcats batting - Pitching for Virginia Tech Hokies : RHP Bill Dickerson | Batting: LHB Roberto Martínez | 0-0: Ball 1-0: Called Strike 1-1: Fly out, F7 (Line Drive, 78S) | Batting: RHB Thomas Jordan | 0-0: Called Strike 0-1: Called Strike 0-2: Strikes out looking | Batting: RHB Artie Rivers | 0-0: Ball 1-0: Ball 2-0: Ball 3-0: Called Strike 3-1: Ground out 1-3 (Groundball, P) | Top of the 3rd over - 0 runs, 0 hits, 0 errors, 0 left on base; Northwestern 6 - Virginia Tech 0 | BOTTOM OF THE 3RD |
---|
Virginia Tech Hokies batting - Pitching for Northwestern Wildcats : RHP Elliot Mosley | Batting: RHB Robbie Weatherdon | 0-0: Called Strike 0-1: Swinging Strike 0-2: SINGLE (Flyball, 9LM) | Batting: RHB Tim Wise | 0-0: Ball 1-0: Foul Ball, location: 2F 1-1: Fly out, F9 (Flyball, 9) | Batting: RHB Jake Holmes | 0-0: Ball 1-0: Ball 2-0: Foul Ball, location: 2F 2-1: Ball 3-1: Base on Balls Robbie Weatherdon to second | Batting: LHB Chris López | 0-0: Swinging Strike 0-1: Swinging Strike 0-2: Ball 1-2: Ball 2-2: Strikes out looking | Batting: RHB Eric Clay | 0-0: Ball 1-0: Ball 2-0: Ball 3-0: Called Strike 3-1: Base on Balls Robbie Weatherdon to third Jake Holmes to second | Batting: RHB Dusty Green | 0-0: Foul Ball, location: 2F 0-1: Swinging Strike 0-2: Ball 1-2: Strikes out swinging | Bottom of the 3rd over - 0 runs, 1 hit, 0 errors, 3 left on base; Northwestern 6 - Virginia Tech 0 | TOP OF THE 4TH |
---|
Northwestern Wildcats batting - Pitching for Virginia Tech Hokies : RHP Bill Dickerson | Batting: LHB Juan Díaz | 0-0: Called Strike 0-1: SINGLE (Line Drive, 34) | Batting: RHB Dan Hart | 0-0: Called Strike Juan Díaz is caught stealing 2nd base 0-1: Called Strike 0-2: SOLO HOME RUN (Flyball, 78XD), Distance : 376 ft | Batting: RHB Johnny Marshall | 0-0: Ball 1-0: Ball 2-0: Called Strike 2-1: Ball 3-1: Base on Balls | Pitching: RHP Carlos Morán | | Batting: RHB Greg Fowler | 0-0: Fly out, F5 (Popup, 15) | Batting: LHB Carl Picot | 0-0: Called Strike 0-1: Fly out, F9 (Flyball, 9) | Top of the 4th over - 1 run, 2 hits, 0 errors, 1 left on base; Northwestern 7 - Virginia Tech 0 | BOTTOM OF THE 4TH |
---|
Virginia Tech Hokies batting - Pitching for Northwestern Wildcats : RHP Elliot Mosley | Batting: RHB Will McDonald | 0-0: Ball 1-0: Ground out 5-3 (Groundball, 56) | Batting: SHB Junior Campbell | 0-0: Called Strike 0-1: Called Strike 0-2: Foul Ball, location: 2F 0-2: Ball 1-2: Foul Ball, location: 2F 1-2: Strikes out looking | Batting: RHB Primo Owen | 0-0: DOUBLE (Flyball, 8LD) | Batting: RHB Robbie Weatherdon | 0-0: Ball 1-0: SINGLE (Groundball, 34) (infield hit) Primo Owen to third | Batting: RHB Tim Wise | 0-0: Swinging Strike 0-1: Hit by Pitch Robbie Weatherdon to second | Batting: RHB Jake Holmes | 0-0: Called Strike 0-1: Fielders Choice at 2nd, 6-4 (Groundball, 6D) | Bottom of the 4th over - 0 runs, 2 hits, 0 errors, 3 left on base; Northwestern 7 - Virginia Tech 0 | TOP OF THE 5TH |
---|
Northwestern Wildcats batting - Pitching for Virginia Tech Hokies : RHP Carlos Morán | Batting: RHB Ben Bond | 0-0: Called Strike 0-1: Ball 1-1: Ball 2-1: Called Strike 2-2: Strikes out swinging | Batting: LHB Roberto Martínez | 0-0: Ball 1-0: Ball 2-0: Ball 3-0: Base on Balls | Batting: RHB Thomas Jordan | 0-0: Ball 1-0: Ball 2-0: Ball 3-0: Base on Balls Roberto Martínez to second | Batting: RHB Artie Rivers | 0-0: Called Strike 0-1: Ball 1-1: Fielders Choice at 2nd, 5-4 (Groundball, 56) Roberto Martínez to third | Batting: LHB Juan Díaz | 0-0: Ball 1-0: Foul Ball, location: 2F 1-1: Ball 2-1: Called Strike 2-2: Ball 3-2: Base on Balls Artie Rivers to second | Batting: RHB Dan Hart | 0-0: Ball 1-0: Called Strike 1-1: Swinging Strike 1-2: Ball 2-2: Strikes out looking | Top of the 5th over - 0 runs, 0 hits, 0 errors, 3 left on base; Northwestern 7 - Virginia Tech 0 | BOTTOM OF THE 5TH |
---|
Virginia Tech Hokies batting - Pitching for Northwestern Wildcats : RHP Elliot Mosley | Batting: LHB Chris López | 0-0: Ball 1-0: Foul Ball, location: 2F 1-1: DOUBLE (Line Drive, 7LS) | Batting: RHB Eric Clay | 0-0: Swinging Strike 0-1: SINGLE (Line Drive, 6M) Chris López to third | Batting: RHB Dusty Green | 0-0: Called Strike 0-1: Called Strike 0-2: SINGLE (Groundball, 56D) Chris López scores Eric Clay to second | Batting: RHB Will McDonald | 0-0: Ball 1-0: Ball 2-0: Single, Error in OF, E8, batter to second base Eric Clay scores Dusty Green to third | Batting: SHB Junior Campbell | 0-0: Foul Ball, location: 2F 0-1: Ball 1-1: Ball 2-1: Foul Ball, location: 2F 2-2: Foul Ball, location: 2F 2-2: Ball 3-2: Strikes out swinging | Pitching: RHP Nick Cox | | Batting: RHB Primo Owen | 0-0: Ball 1-0: Ground out 4-3 (Groundball, 4) Dusty Green scores Will McDonald to third | Batting: RHB Robbie Weatherdon | 0-0: Ball 1-0: Called Strike 1-1: Foul Ball, location: 2F 1-2: Ball 2-2: Ball 3-2: Ground out 4-3 (Groundball, 4) | Bottom of the 5th over - 3 runs, 4 hits, 1 error, 1 left on base; Northwestern 7 - Virginia Tech 3 | TOP OF THE 6TH |
---|
Northwestern Wildcats batting - Pitching for Virginia Tech Hokies : RHP Carlos Morán | Batting: RHB Johnny Marshall | 0-0: Ball 1-0: Ball 2-0: Fly out, F8 (Flyball, 78D) | Batting: RHB Greg Fowler | 0-0: Swinging Strike 0-1: Fly out, F8 (Flyball, 8LD) | Batting: LHB Carl Picot | 0-0: Called Strike 0-1: SOLO HOME RUN (Flyball, 9LD), Distance : 319 ft | Batting: RHB Ben Bond | 0-0: SINGLE (Flyball, 89M) | Batting: LHB Roberto Martínez | 0-0: Ball 1-0: Ground out 3-1 (Groundball, 34) | Top of the 6th over - 1 run, 2 hits, 0 errors, 1 left on base; Northwestern 8 - Virginia Tech 3 | BOTTOM OF THE 6TH |
---|
Virginia Tech Hokies batting - Pitching for Northwestern Wildcats : RHP Nick Cox | Batting: RHB Tim Wise | 0-0: Ground out 3-1 (Groundball, 34) | Batting: RHB Jake Holmes | 0-0: Called Strike 0-1: Ball 1-1: Ball 2-1: Ball 3-1: Swinging Strike 3-2: Foul Ball, location: 2F 3-2: Strikes out looking | Batting: LHB Chris López | 0-0: Foul Ball, location: 2F 0-1: Ball 1-1: Foul Ball, location: 2F 1-2: Strikes out swinging | Bottom of the 6th over - 0 runs, 0 hits, 0 errors, 0 left on base; Northwestern 8 - Virginia Tech 3 | TOP OF THE 7TH |
---|
Northwestern Wildcats batting - Pitching for Virginia Tech Hokies : RHP Carlos Morán | Batting: RHB Thomas Jordan | 0-0: Ball 1-0: Called Strike 1-1: Foul Ball, location: 2F 1-2: Ball 2-2: Ground out 6-3 (Groundball, 6) | Batting: RHB Artie Rivers | 0-0: Ball 1-0: Ground out 4-3 (Groundball, 4M) | Batting: LHB Juan Díaz | 0-0: Called Strike 0-1: Swinging Strike 0-2: Strikes out swinging | Top of the 7th over - 0 runs, 0 hits, 0 errors, 0 left on base; Northwestern 8 - Virginia Tech 3 | BOTTOM OF THE 7TH |
---|
Virginia Tech Hokies batting - Pitching for Northwestern Wildcats : RHP Nick Cox | Batting: RHB Eric Clay | 0-0: Ball 1-0: Ground out 5-3 (Groundball, 5) | Batting: RHB Dusty Green | 0-0: Foul Ball, location: 2F 0-1: Ball 1-1: Swinging Strike 1-2: Strikes out swinging | Batting: RHB Will McDonald | 0-0: Fly out, F8 (Flyball, 8LD) | Bottom of the 7th over - 0 runs, 0 hits, 0 errors, 0 left on base; Northwestern 8 - Virginia Tech 3 | TOP OF THE 8TH |
---|
Northwestern Wildcats batting - Pitching for Virginia Tech Hokies : RHP Carlos Morán | Pitching: RHP Jim McDonald | | Batting: RHB Dan Hart | 0-0: Ball 1-0: Ball 2-0: Ground out U3 (Groundball, 3) | Batting: RHB Johnny Marshall | 0-0: Ball 1-0: Ball 2-0: SINGLE (Line Drive, 78S) | Batting: RHB Greg Fowler | 0-0: Foul Ball, location: 2F 0-1: Called Strike 0-2: Strikes out swinging | Batting: LHB Carl Picot | 0-0: Called Strike 0-1: Ball 1-1: Called Strike 1-2: Ground out 4-3 (Groundball, 34) | Top of the 8th over - 0 runs, 1 hit, 0 errors, 1 left on base; Northwestern 8 - Virginia Tech 3 | BOTTOM OF THE 8TH |
---|
Virginia Tech Hokies batting - Pitching for Northwestern Wildcats : RHP Nick Cox | Batting: SHB Junior Campbell | 0-0: Called Strike 0-1: Ball 1-1: Ball 2-1: Foul Ball, location: 2F 2-2: Ground out 1-3 (Groundball, 13S) | Batting: RHB Primo Owen | 0-0: Ball 1-0: Ball 2-0: Called Strike 2-1: Called Strike 2-2: Ball 3-2: Foul Ball, location: 2F 3-2: Base on Balls | Batting: RHB Robbie Weatherdon | 0-0: Foul Ball, location: 2F 0-1: SINGLE (Line Drive, 8LS) Primo Owen to second | Batting: RHB Tim Wise | 0-0: TRIPLE (Flyball, 8LXD) Primo Owen scores Robbie Weatherdon scores | Pitching: RHP Miguel Gómez | | Batting: RHB Jake Holmes | 0-0: Foul Ball, location: 2F 0-1: Called Strike 0-2: SINGLE (Line Drive, 4MD) Tim Wise scores | Batting: LHB Chris López | 0-0: Called Strike 0-1: Called Strike 0-2: Strikes out looking | Batting: RHB Eric Clay | 0-0: Swinging Strike 0-1: Foul Ball, location: 2F 0-2: SINGLE (Groundball, 34D) Jake Holmes to second Runner from 2nd tries for 3rd, SAFE, no throw | Batting: RHB Dusty Green | 0-0: Called Strike 0-1: Swinging Strike 0-2: Ball 1-2: Strikes out looking and he ARGUES THE CALL AND IS TOSSED! | Bottom of the 8th over - 3 runs, 4 hits, 0 errors, 2 left on base; Northwestern 8 - Virginia Tech 6 | TOP OF THE 9TH |
---|
Northwestern Wildcats batting - Pitching for Virginia Tech Hokies : RHP Jim McDonald | Pitching: RHP Dan King | | Batting: RHB Ben Bond | 0-0: Foul Ball, location: 2F 0-1: SINGLE (Line Drive, 6) | Batting: LHB Roberto Martínez | 0-0: Bunt - Flyout - DP at third! 1-3 | Batting: RHB Thomas Jordan | 0-0: Ball 1-0: Ball 2-0: Called Strike 2-1: Fly out, F7 (Flyball, 7LSF) | Top of the 9th over - 0 runs, 1 hit, 0 errors, 0 left on base; Northwestern 8 - Virginia Tech 6 | BOTTOM OF THE 9TH |
---|
Virginia Tech Hokies batting - Pitching for Northwestern Wildcats : RHP Miguel Gómez | Batting: RHB Will McDonald | 0-0: Ball 1-0: SINGLE (Groundball, 6MD) | Batting: SHB Junior Campbell | 0-0: Grounds into double play, 4-6-3 (Groundball, 4) | Batting: RHB Primo Owen | 0-0: Ball 1-0: Called Strike 1-1: Ground out 5-3 (Groundball, 56) | Bottom of the 9th over - 0 runs, 1 hit, 0 errors, 0 left on base; Northwestern 8 - Virginia Tech 6 | |